 Dungeon Crawl Stone Soup version 0.28.0-1-gb440e238dd (webtiles) character file.

Game seed: 10796457168298873811

99 themarg the Ducker (level 4, -6/34 HPs)
             Began as a Gnoll Wanderer on Feb 22, 2022.
             Mangled by an orc (18 damage)
             ... on level 3 of the Dungeon.
             The game lasted 00:05:02 (2278 turns).

themarg the Ducker (Gnoll Wanderer)                 Turns: 2278, Time: 00:05:03

Health: -6/34      AC: 11    Str: 13    XL:     4   Next: 72%
Magic:  14/14      EV: 11    Int: 16    God:
Gold:   80         SH:  0    Dex: 11    Spells: 5/5 levels left

rFire   . . .      SeeInvis .   a - +0 short sword
rCold   + . .      Faith    .   (no shield)
rNeg    . . .      Spirit   .   o - +4 scale mail of Piurahak {rC+ Will+ MP+9 Int+4}
rPois   .          Reflect  .   (no helmet)
rElec   .          Harm     .   (no cloak)
rCorr   .          Rampage  .   k - +0 pair of gloves
Will    +....                   (no boots)
Stlth   ..........              (no amulet)
HPRegen 0.11/turn               (no ring)
MPRegen 0.14/turn               (no ring)

@: no status effects
A: fangs 1, strong nose, distributed training
a: no special abilities


You were on level 3 of the Dungeon.
You visited 1 branch of the dungeon, and saw 3 of its levels.

You collected 80 gold pieces.

Inventory:

Hand Weapons
 a - a +0 short sword (weapon)
Missiles
 b - 4 throwing nets (quivered)
 m - 5 atropa-tipped darts
 n - 6 poisoned darts
Armour
 c - a +0 leather armour
 g - a +0 chain mail
 k - a +0 pair of gloves (worn)
 o - the +4 scale mail of Piurahak (worn) {rC+ Will+ MP+9 Int+4}
   (You found it on level 2 of the Dungeon)

   Int:       It affects your intelligence (+4).
   rC:        It protects you from cold.
   MP:        It affects your magic capacity (+9).
   Will:      It increases your willpower.
Scrolls
 f - 2 scrolls of identify {unknown}
 i - a scroll of vulnerability {unknown}
 j - a scroll of amnesia {unknown}
 p - a scroll of fog {unknown}
 q - a scroll of teleportation {unknown}
Potions
 e - a potion of heal wounds {unknown}
 h - a potion of flight {unknown}
 l - a potion of attraction {unknown}
Miscellaneous
 d - a piece from Xom's chessboard (15/15)


   Skills:
 + Level 2.8 Fighting
 + Level 6.6 Short Blades
 + Level 1.2 Long Blades
 + Level 1.2 Axes
 + Level 1.2 Maces & Flails
 + Level 1.2 Polearms
 + Level 1.2 Staves
 + Level 1.2 Slings
 + Level 1.2 Bows
 + Level 1.2 Crossbows
 + Level 1.2 Throwing
 + Level 2.8 Armour
 + Level 6.6 Dodging
 + Level 1.2 Stealth
 + Level 1.2 Shields
 + Level 1.2 Unarmed Combat
 + Level 1.2 Spellcasting
 + Level 1.0 Conjurations
 + Level 1.0 Hexes
 + Level 1.0 Summonings
 + Level 1.0 Necromancy
 + Level 1.0 Translocations
 + Level 1.0 Transmutations
 + Level 1.0 Fire Magic
 + Level 1.0 Ice Magic
 + Level 1.0 Air Magic
 + Level 1.0 Earth Magic
 + Level 1.0 Poison Magic
 + Level 1.3 Invocations
 + Level 4.7 Evocations


You had 5 spell levels left.
You didn't know any spells.
Your spell library contained the following spells:

 Spells                   Type           Power      Damage    Failure   Level
 Beastly Appendage        Tmut           8%         N/A       54%         1
 Wereblood                Tmut           4%         N/A       69%         2
 Conjure Flame            Conj/Fire      4%         6-21      89%         3
 Ignite Poison            Fire/Tmut/Pois 4%         N/A       89%         3
 Spider Form              Tmut/Pois      4%         N/A       89%         3
 Sticky Flame             Conj/Fire      4%         2d3       100%        4


Dungeon Overview and Level Annotations

Branches:
Dungeon (3/15)

Altars:
Makhleb


Innate Abilities, Weirdness & Mutations

You have very sharp teeth.
Your uncanny sense of smell can sniff out nearby items.
Your experience applies equally to all skills.


Message History

Found a runed spear.
An adder zombie and an adder skeleton come into view.
An orc comes into view.
It is wielding a +3 whip of electrocution.
The adder skeleton bites you but does no damage. x2
You puncture the adder skeleton!
The adder skeleton is heavily damaged.
The adder zombie bites something.
You hit the adder skeleton.
The adder skeleton is severely damaged.
The adder skeleton barely misses you.
The adder zombie bites something.
You barely miss the adder skeleton.
The adder skeleton is severely damaged.
The adder skeleton bites you.
You barely miss the adder skeleton.
The adder skeleton is severely damaged.
The adder zombie bites something.
The adder skeleton closely misses you. The orc misses you.
You hit the adder skeleton.
You destroy the adder skeleton!
The orc hits you with a +3 whip of electrocution.
You are electrocuted!!
Ouch! That really hurt!
You closely miss the adder zombie. The adder zombie barely misses you.
The orc misses you.
You hit the orc. Your punch misses the orc.
The orc is severely wounded.
The adder zombie closely misses you.
You completely miss the orc.
The orc is severely wounded.
The orc barely misses you. The adder zombie closely misses you.
You closely miss the orc.
The orc is severely wounded.
The orc hits you but does no damage.
The adder zombie bites you but does no damage.
You barely miss the orc. Your bite misses the orc.
The orc is severely wounded.
The orc hits you with a +3 whip of electrocution.
You are electrocuted!!
Ouch! That really hurt!
You die...

### ##...# ###.....# ∆
#########....PP..
#.......@Z#
#.##.##.#o......# ..
#.##.##.#####...# ..
#.##....# ## ..#
#####.####..## ## ...∆
...#........#####PP.
...####.#.)†.....#....P).
........)#.###.#.#.....PP
............#.........P.P


You could see an orc and an adder zombie.

Vanquished Creatures
  4 adders
  An adder skeleton (D:3)
  A dart slug (D:3)
  8 ball pythons
  7 endoplasms
  3 giant cockroaches
  A goblin (D:1)
  4 hobgoblins
  6 jackals (D:1)
  A quokka (D:2)
  7 bats
  3 frilled lizards
  3 kobolds
  8 rats
57 creatures vanquished.

Vanquished Creatures (others)
  3 plants (D:1)
  A withered plant (D:3)
4 creatures vanquished.

Grand Total: 61 creatures vanquished

Notes
Turn   | Place    | Note
-------+----------+-------------------------------------------
     0 | D:1      | themarg the Gnoll Wanderer began the quest for the Orb.
     0 | D:1      | themarg set off with the following items: a +0 short sword,
                  | 4 throwing nets, a +0 leather armour, a piece from Xom's
                  | chessboard (15/15)
     0 | D:1      | Reached XP level 1. HP: 17/17 MP: 1/1
   225 | D:1      | Reached XP level 2. HP: 13/23 MP: 2/2
   683 | D:1      | Reached XP level 3. HP: 27/28 MP: 3/3
  1477 | D:2      | Found a burning altar of Makhleb.
  1487 | D:2      | Reached skill level 1 in Invocations
  1676 | D:2      | Identified the +4 scale mail of Piurahak {rC+ Will+ MP+9
                  | Int+4}
  1762 | D:2      | Reached skill level 1 in Long Blades
  1762 | D:2      | Reached skill level 1 in Axes
  1762 | D:2      | Reached skill level 1 in Maces & Flails
  1762 | D:2      | Reached skill level 1 in Polearms
  1762 | D:2      | Reached skill level 1 in Staves
  1762 | D:2      | Reached skill level 1 in Slings
  1762 | D:2      | Reached skill level 1 in Bows
  1762 | D:2      | Reached skill level 1 in Crossbows
  1762 | D:2      | Reached skill level 1 in Throwing
  1762 | D:2      | Reached skill level 1 in Stealth
  1762 | D:2      | Reached skill level 1 in Shields
  1762 | D:2      | Reached skill level 1 in Unarmed Combat
  1762 | D:2      | Reached skill level 1 in Spellcasting
  1773 | D:2      | Reached XP level 4. HP: 32/34 MP: 5/5
  2216 | D:3      | Reached skill level 1 in Conjurations
  2216 | D:3      | Reached skill level 1 in Hexes
  2216 | D:3      | Reached skill level 1 in Summonings
  2216 | D:3      | Reached skill level 1 in Necromancy
  2216 | D:3      | Reached skill level 1 in Translocations
  2216 | D:3      | Reached skill level 1 in Transmutations
  2216 | D:3      | Reached skill level 1 in Fire Magic
  2216 | D:3      | Reached skill level 1 in Ice Magic
  2216 | D:3      | Reached skill level 1 in Air Magic
  2216 | D:3      | Reached skill level 1 in Earth Magic
  2216 | D:3      | Reached skill level 1 in Poison Magic
  2278 | D:3      | Mangled by an orc

Illustrated notes

Levels and vault maps discovered:
D:1:      tarquinn_simple_flora_water_a, layout_basic, serial_bayou_lagoon_b
D:2:      layout_rooms, basic_altar, kennysheep_doodads,
          minmay_fractal_squares_gapless_5
D:3:      layout_loops_cross, nicolae_ru_awakened_eye, serial_undead,
          serial_undead_e, serial_undead_e, serial_undead_e, serial_undead_b,
          basic_ecumenical_altar, kennysheep_generic_room_5, uniq_grinder,
          uniq_terence, uniq_crazy_yiuf_cottage

Skill      XL: |  1  2  3  4 |
---------------+-------------+-----
Invocations    | 1 |  1.3
Long Blades    | 1 |  1.2
Axes           | 1 |  1.2
Maces & Flails | 1 |  1.2
Polearms       | 1 |  1.2
Staves         | 1 |  1.2
Slings         | 1 |  1.2
Bows           | 1 |  1.2
Crossbows      | 1 |  1.2
Throwing       | 1 |  1.2
Stealth        | 1 |  1.2
Shields        | 1 |  1.2
Unarmed Combat | 1 |  1.2
Spellcasting   | 1 |  1.2
Conjurations   | 1 |  1.0
Hexes          | 1 |  1.0
Summonings     | 1 |  1.0
Necromancy     | 1 |  1.0
Translocations | 1 |  1.0
Transmutations | 1 |  1.0
Fire Magic     | 1 |  1.0
Ice Magic      | 1 |  1.0
Air Magic      | 1 |  1.0
Earth Magic    | 1 |  1.0
Poison Magic   | 1 |  1.0
Fighting       | |  2.8
Short Blades   | |  6.6
Armour         | |  2.8
Dodging        | |  6.6
Evocations     | |  4.7

Action                   |  1- 3 |  4- 6 || total
-------------------------+-------+-------++-------
Melee: Short sword       |   140 |    50 ||   190
       Bite              |    13 |     3 ||    16
       Punch             |       |     1 ||     1
 Stab: Sleeping          |     1 |       ||     1
Armor: Leather armour    |    21 |       ||    21
       Scale mail        |     4 |    18 ||    22
Dodge: Dodged            |   103 |    20 ||   123
